 Dungeon Crawl Stone Soup version 0.21.1-72-gffa868e (webtiles) character file.

14737 Madoushi the Cleaver (level 11, -3/103 HPs)
             Began as a Minotaur Berserker on Aug 5, 2018.
             Was a High Priest of Trog.
             Slain by a vampire (5 damage)
             ... on level 10 of the Dungeon.
             The game lasted 00:32:49 (12652 turns).

Madoushi the Cleaver (Minotaur Berserker)          Turns: 12652, Time: 00:32:50

Health: -3/103     AC: 12    Str: 24    XL:     11   Next: 92%
Magic:  10/10      EV: 15    Int:  4    God:    Trog [*****.]
Gold:   691        SH:  0    Dex: 11    Spells: 10/10 levels left

rFire    x . .     SeeInvis .   M - +4 broad axe (freeze)
rCold    + . .     Gourm    .   (no shield)
rNeg     . . .     Faith    +   l - +1 ring mail
rPois    .         Spirit   .   (helmet restricted)
rElec    .         Reflect  .   u - +0 cloak
rCorr    .         Harm     .   v - +0 pair of gloves
MR       .....                  e - +0 pair of boots
Stlth    ..........             O - amulet of faith
HPRegen  0.27/turn              A - ring of ice
MPRegen  0.12/turn              K - ring of flight

@: confused
A: retaliatory headbutt, horns 2
a: Berserk, Trog's Hand, Brothers in Arms, Burn Spellbooks, Renounce Religion,
Evoke Flight


You were on level 10 of the Dungeon.
You worshipped Trog.
Trog was extremely pleased with you.
You were very hungry.

You visited 1 branch of the dungeon, and saw 10 of its levels.

You collected 691 gold pieces.

Inventory:

Hand Weapons
 a - a +1 hand axe
 C - a +0 war axe
 E - a +3 quarterstaff of chaos
 L - a +2 hand axe of flaming
 M - a +4 broad axe of freezing (weapon)
Armour
 b - a +0 animal skin
 e - a +0 pair of boots (worn)
 l - a +1 ring mail (worn)
 u - a +0 cloak (worn)
 v - a +0 pair of gloves (worn)
Jewellery
 t - an uncursed ring of wizardry
 y - an uncursed ring of magical power
 A - a ring of ice (left hand)
 K - a ring of flight (right hand)
 O - an amulet of faith (around neck)
Wands
 n - a wand of polymorph (23)
 B - a wand of random effects (30)
 D - a wand of acid (12)
 F - a wand of paralysis (21)
 I - a wand of scattershot (4)
Scrolls
 f - a scroll of blinking
 i - 6 scrolls of remove curse
 j - 4 scrolls of fog
 o - 2 scrolls of magic mapping
 q - 3 scrolls of noise
 r - 2 scrolls of identify
 s - 3 scrolls of teleportation
 H - a scroll of enchant weapon
Potions
 d - 5 potions of agility
 g - a potion of cancellation
 h - 2 potions of might
 k - a potion of lignification {unknown}
 m - 3 potions of mutation
 p - a potion of haste {unknown}
 w - 3 potions of invisibility {unknown}
 x - 4 potions of curing
 z - 2 potions of berserk rage {unknown}
 G - a potion of magic {unknown}
 J - a potion of ambrosia {unknown}
Miscellaneous
 N - a fan of gales
 P - a sack of spiders
Comestibles
 c - 18 rations


   Skills:
 + Level 11.6 Fighting
 + Level 14.8 Axes
 + Level 9.9 Armour
 + Level 8.0 Dodging
 + Level 3.7 Stealth


You had 10 spell levels left.
You didn't know any spells.

Dungeon Overview and Level Annotations

Branches:
Dungeon (10/15)            Temple (0/1) D:7            Lair (0/6) D:8
    Orc: D:9-12

Altars:
Qazlal
Wu Jian
Xom

Shops:
D:4 !


Innate Abilities, Weirdness & Mutations

You reflexively headbutt those who attack you in melee.
You have a pair of horns on your head.


Message History

You recover from your berserk rage.
You hear some strange, mumbled words.
You are more confused.
Something hits you.
* * * LOW HITPOINT WARNING * * *
Something bites you.
* * * LOW HITPOINT WARNING * * *
Something draws strength from your injuries!
You miss something. You headbutt something!
You hear some strange, mumbled words.
Something tries to affect you, but you resist.
You can't go up here!
Something barely misses you. Something completely misses you.
Something hits you but does no damage. Something bites you.
* * * LOW HITPOINT WARNING * * *
Something draws strength from your injuries!
You hear some strange, mumbled words.
Something tries to affect you, but you resist.
Something hits you.
You die...

#...#####.....#
#.............#
#.#.#####.....#
#.#.......##+##
#######.......#.##.#
........(.<##.#.##.#
#.........<..#....# #
#.<.......#.......##.#
#.........'...@.%....#
######.#.##.......####
#.#.......≈........
#.####....?..######
#.# #.......# #.#
#.......# #.#
#.......# #.#
#########


There were no monsters in sight!

Vanquished Creatures
  A hydra (D:8)
  The ghost of wojtek the Cleaver, a novice MiFi of Makhleb (D:10)
  3 two-headed ogres
  A wizard (D:9)
  A cyclops (D:8)
  Joseph (D:8)
  A komodo dragon (D:8)
  Prince Ribbit (D:6)
  2 dream sheep (D:8)
  5 large abominations (D:9)
  2 hippogriffs
  The ghost of sbat the Cudgeler, an amateur TrFi (D:3)
  7 yaks (D:8)
  A basilisk (D:8)
  A hungry ghost (D:8)
  The ghost of TonyW the Skirmisher, an amateur HuFi (D:4)
  Grum (D:9)
  4 porcupines (D:8)
  4 orc warriors
  An ice beast (D:8)
  A necrophage (D:9)
  4 phantoms
  2 sky beasts
  4 ogres
  7 small abominations (D:9)
  3 wolves (D:9)
  5 centaurs
  2 crocodiles (D:8)
  4 big kobolds
  6 bullfrogs
  A wyvern zombie (D:10)
  A scorpion (D:7)
  3 killer bees (D:9)
  3 wights (D:8)
  4 crimson imps
  5 hounds
  A quasit (D:5)
  A centaur zombie (D:9)
  3 jellies
  2 bullfrog skeletons
  4 orc priests
  Crazy Yiuf (D:7)
  3 centaur skeletons
  5 orc wizards
  A gnoll shaman (D:9)
  3 iguanas
  6 worker ants
  A hound zombie (D:6)
  2 hound skeletons (D:8)
  10 adders
  8 gnolls
  A shadow imp (D:9)
  An adder zombie (D:6)
  3 oozes
  2 adder skeletons
  2 dart slugs
  3 leopard geckos
  35 orcs
  3 ball pythons
  6 giant cockroaches
  5 hobgoblins
  5 jackals
  9 kobolds
  5 quokkas
  2 bats
  5 frilled lizards
  3 goblins
  A jackal zombie (D:9)
  A leopard gecko skeleton (D:4)
  A quokka zombie (D:6)
  12 rats
  3 fungi (D:7)
254 creatures vanquished.

Vanquished Creatures (others)
  A fungus (D:8)
  5 plants (D:8)
6 creatures vanquished.

Grand Total: 260 creatures vanquished

Notes
Turn   | Place    | Note
-------+----------+-------------------------------------------
     0 | D:1      | Madoushi the Minotaur Berserker began the quest for the Orb.
     0 | D:1      | Reached XP level 1. HP: 19/19 MP: 0/0
   465 | D:1      | Reached XP level 2. HP: 24/27 MP: 1/1
   912 | D:1      | Reached skill level 4 in Axes
   998 | D:1      | Reached XP level 3. HP: 32/33 MP: 2/2
  1771 | D:3      | Reached XP level 4. HP: 31/41 MP: 3/3
  1780 | D:3      | Reached ** piety under Trog
  1786 | D:3      | Noticed sbat's ghost (amateur TrFi)
  2008 | D:3      | Killed sbat's ghost
  2008 | D:3      | Reached skill level 5 in Fighting
  2008 | D:3      | Reached skill level 5 in Axes
  2008 | D:3      | Reached XP level 5. HP: 21/48 MP: 4/4
  2423 | D:3      | Found a faded altar of an unknown god.
  2519 | D:3      | Reached XP level 6. HP: 53/56 MP: 5/5
  2570 | D:3      | Reached skill level 6 in Axes
  2570 | D:3      | Reached skill level 1 in Stealth
  2896 | D:3      | Found an ornate altar of the Wu Jian Council.
  3256 | D:4      | Noticed TonyW's ghost (amateur HuFi)
  3262 | D:4      | Killed TonyW's ghost
  3262 | D:4      | Reached skill level 5 in Armour
  3262 | D:4      | Reached XP level 7. HP: 61/61 MP: 6/6
  3339 | D:4      | Found Zyuheku's Distillery.
  3816 | D:5      | Entered Level 5 of the Dungeon
  3902 | D:5      | Reached skill level 7 in Axes
  4347 | D:5      | Reached *** piety under Trog
  4660 | D:5      | Found a stormy altar of Qazlal.
  5146 | D:6      | Reached skill level 8 in Axes
  5146 | D:6      | Reached XP level 8. HP: 34/70 MP: 7/7
  5779 | D:7      | Noticed Prince Ribbit
  5998 | D:6      | Killed Prince Ribbit
  5998 | D:6      | Reached skill level 9 in Axes
  6207 | D:7      | Reached skill level 5 in Dodging
  6274 | D:7      | Reached **** piety under Trog
  6476 | D:7      | Noticed a two-headed ogre
  6487 | D:7      | Killed a two-headed ogre
  6487 | D:7      | Reached skill level 10 in Axes
  6487 | D:7      | Reached XP level 9. HP: 81/81 MP: 8/8
  7006 | D:7      | Found a staircase to the Ecumenical Temple.
  7318 | D:7      | Found a runed door.
  7322 | D:7      | Noticed Crazy Yiuf
  7331 | D:7      | Killed Crazy Yiuf
  7331 | D:7      | Reached skill level 11 in Axes
  7524 | D:8      | Noticed a komodo dragon
  7539 | D:8      | Killed a komodo dragon
  7686 | D:8      | Found a staircase to the Lair.
  8088 | D:8      | Reached XP level 10. HP: 85/91 MP: 9/9
  8115 | D:8      | Reached skill level 12 in Axes
  8709 | D:8      | Found a shimmering altar of Xom.
  8713 | D:8      | Noticed Joseph
  8731 | D:8      | Killed Joseph
  9081 | D:8      | Reached ***** piety under Trog
  9112 | D:8      | Identified Zageq's Handbook of the Creative Frostbite
  9143 | D:8      | Reached skill level 10 in Fighting
  9154 | D:8      | Noticed a cyclops
  9160 | D:8      | Killed a cyclops
  9249 | D:8      | Noticed a two-headed ogre
  9262 | D:8      | Killed a two-headed ogre
  9262 | D:8      | Reached skill level 13 in Axes
 10307 | D:8      | Reached XP level 11. HP: 76/101 MP: 10/10
 10560 | D:8      | Noticed a two-headed hydra
 10563 | D:8      | Killed a one-headed hydra
 10872 | D:9      | Noticed a two-headed ogre
 10879 | D:9      | Killed a two-headed ogre
 11088 | D:9      | Noticed Grum
 11104 | D:9      | Killed Grum
 11124 | D:9      | Received a gift from Trog
 11584 | D:9      | Noticed a wizard
 11589 | D:9      | Killed a wizard
 11589 | D:9      | Reached skill level 14 in Axes
 11597 | D:9      | Noticed a large abomination
 11597 | D:9      | Noticed a large abomination
 11601 | D:9      | Noticed a large abomination
 11610 | D:9      | Killed a large abomination
 12008 | D:9      | Killed a large abomination
 12180 | D:9      | Killed a large abomination
 12455 | D:9      | Found the +6 arbalest "Damnation" {damnation}
 12552 | D:10     | Entered Level 10 of the Dungeon
 12582 | D:10     | Noticed wojtek's ghost (novice MiFi)
 12597 | D:10     | Killed wojtek's ghost
 12649 | D:10     | HP: 2/103 [something (6)]
 12652 | D:10     | Slain by a vampire

Skill      XL: |  1  2  3  4  5  6  7  8  9 10 11 |
---------------+----------------------------------+-----
Fighting       | 4 5 6 7 9 10 11 | 11.6
Axes           | 4 5 6 8 10 11 13 14 | 14.8
Armour         | 3 5 7 8 9 |  9.9
Dodging        | 3 4 5 6 7 8 |  8.0
Stealth        | 1 2 3 |  3.7

Action                   |  1- 3 |  4- 6 |  7- 9 | 10-12 || total
-------------------------+-------+-------+-------+-------++-------
Melee: Hand axe          |    68 |    87 |   293 |   288 ||   736
       Headbutt          |     8 |    13 |    59 |    84 ||   164
       Broad axe         |       |       |       |    86 ||    86
Invok: Berserk           |       |     3 |     6 |     6 ||    15
       Burn Spellbooks   |       |       |       |     3 ||     3
  Use: Scroll            |       |       |    16 |     3 ||    19
 Stab: Sleeping          |       |       |       |     4 ||     4
  Eat: Ration            |     1 |       |     4 |     3 ||     8
       Chunk             |       |     6 |     8 |    10 ||    24
Armor: Animal skin       |    11 |       |       |       ||    11
       Ring mail         |     5 |    21 |    87 |   114 ||   227
Dodge: Dodged            |    36 |    43 |   176 |   190 ||   445
